AoeStats
← cafikjosef

Arena

509604539Analyzed
1v1 RM · 5d ago on Sep 27, 2026· 40m 58s· 2 players
Game mode
Random Map
Map size
Tiny (2 player)
Population
200
Speed
Normal
Resources
Standard
Victory
Conquest
Starting age
Dark Age
Ending age
Imperial Age
RankedLock teamsTeams togetherTeam positionsShared explorationLock speedFull tech treeHidden civsTurbo modeCheats
Victory
Defeat
🇬🇧 Saxons · United Kingdom
872
+14
🇨🇿 Burmese · Czechia
834
-14
cafikjosef
7:11 Loom
10:10 Feudal Age
16:25 Horse Collar
16:38 Gold Mining
19:31 Castle Age
18:18 Forging
18:48 Scale Barding Armor
20:18 Wheelbarrow
20:12 Town Watch
22:21 Fletching
23:24 Bloodlines
31:23 Bodkin Arrow
32:46 Murder Holes
35:11 Ballistics
35:38 Husbandry
38:12 Iron Casting
38:14 Treadmill Crane
Baldwin IV the Leper King
12:14 Feudal Age
16:53 Castle Age
15:16 Forging
15:07 Scale Mail Armor
16:25 Arson
16:27 Man-at-Arms
18:27 Stone Mining
20:19 Squires
23:07 Gold Mining
23:39 Double-Bit Axe
23:43 Horse Collar
27:33 Pikeman
30:59 Iron Casting
30:40 Chain Mail Armor
32:10 Wheelbarrow
31:52 Bow Saw
32:35 Gold Shaft Mining
37:34 Imperial Age
36:25 Heavy Plow
37:42 Clerical Recruitment
38:00 Shield Wall
39:35 Plate Mail Armor
40:56 Elite Hearth Troop
Connection lost

Rejoining the realm…

Still unreachable

The connection could not be restored.

Session expired

The server has moved on; the page needs a fresh start.